 Dungeon Crawl Stone Soup version 0.25.0-9-g26727b657a (webtiles) character file.

Game seed: 14904546925013924915

54 shadizar the Skirmisher (level 3, 0/31 HPs)
             Began as a Demigod Transmuter on June 21, 2020.
             Slain by a gnoll
             ... wielding a +0 halberd
              (17 damage)
             ... on level 2 of the Dungeon.
             The game lasted 00:01:50 (1491 turns).

shadizar the Skirmisher (Demigod Transmuter)        Turns: 1491, Time: 00:01:51

Health: 0/31       AC:  2    Str: 15    XL:     3   Next: 44%
Magic:  8/8        EV: 12    Int: 17    God:
Gold:   21         SH:  0    Dex: 16    Spells: 4/5 levels left

rFire    . . .     SeeInvis .   e - +1 whip (venom)
rCold    . . .     Gourm    .   (no shield)
rNeg     . . .     Faith    .   b - +0 robe
rPois    .         Spirit   .   (no helmet)
rElec    .         Reflect  .   (no cloak)
rCorr    .         Harm     .   (no gloves)
MR       .....                  (no boots)
Stlth    +.........             (no amulet)
HPRegen  0.10/turn              (no ring)
MPRegen  0.11/turn              (no ring)

@: no status effects
A: high mp 1
a: no special abilities


You were on level 2 of the Dungeon.
You were hungry.

You visited 1 branch of the dungeon, and saw 2 of its levels.

You collected 21 gold pieces.

Inventory:

Hand Weapons
 e - a +1 whip of venom (weapon)
 j - a +0 flail
Missiles
 a - 54 arrows
Armour
 b - a +0 robe (worn)
Potions
 c - a potion of flight {unknown}
 g - a potion of berserk rage {unknown}
 h - a potion of cancellation {unknown}
 i - a potion of invisibility {unknown}
Comestibles
 d - 2 rations


   Skills:
 + Level 3.2 Fighting
 - Level 1.7 Dodging
 - Level 2.7 Unarmed Combat
 - Level 1.7 Spellcasting
 - Level 1.7 Transmutations


You had 4 spell levels left.
You knew the following spells:

 Your Spells              Type           Power        Failure   Level  Hunger
a - Beastly Appendage     Tmut           #.....       10%         1    #......

Your spell library contained the following spells:

 Spells                   Type           Power        Failure   Level  Hunger
 Sticks to Snakes         Tmut           #.......     14%         2    ###....
 Spider Form              Tmut/Pois      #.........   38%         3    ###....
 Ice Form                 Ice/Tmut       #.......     80%         4    #####..
 Blade Hands              Tmut           #.........   95%         5    ######.


Dungeon Overview and Level Annotations

Branches:
Dungeon (2/15)


Innate Abilities, Weirdness & Mutations

You have an increased reservoir of magic. (+10% MP)


Message History

Unknown command.
Unknown command.
Unknown command.
There is an open door here.
The gnoll hits you from afar with a +0 halberd!
The gnoll closely misses you.
You hit the gnoll.
The gnoll is poisoned.
The gnoll is lightly wounded.
The gnoll closely misses you.
You hit the gnoll.
The gnoll looks as sick as possible!
The gnoll is heavily wounded.
The gnoll barely misses you.
You hit the gnoll.
The gnoll is severely wounded.
The gnoll closely misses you.
You completely miss the gnoll.
The gnoll is severely wounded.
The gnoll hits you with a +0 halberd!
Ouch! That really hurt!
You die... #...# P.P.P ..P...# ##.## ##PPP.P.P.P.P.# #.# #.....P.P...P.. #.# #.PPPPPP

.PPP.# #.# #.#...###.##..#
#.## #......#..##..#####
#..## ##........# #.......
##...####.........###....###
#.......'.g@......'.<...(...
#.#>.####.........###....###
#....# ##.......## #.#.##
###.## ##.....## #.### #.#
##...## #.# #.# ######'##
... #.# #.g..).# ... #.#
#.####)# #... #.# #.#


You could see a gnoll (extremely poisoned).

Vanquished Creatures
  2 gnolls (D:2)
  A shadow imp (D:2)
  An ooze (D:1)
  2 dart slugs
  2 leopard geckos (D:2)
  3 goblins (D:1)
  A hobgoblin (D:1)
  A kobold (D:2)
  3 bats
  2 frilled lizards (D:1)
  A rat (D:1)
19 creatures vanquished.

Notes
Turn   | Place    | Note
-------+----------+-------------------------------------------
     0 | D:1      | shadizar the Demigod Transmuter began the quest for the
                  | Orb.
     0 | D:1      | Reached XP level 1. HP: 15/15 MP: 5/5
   139 | D:1      | Reached skill level 1 in Fighting
   503 | D:1      | Reached skill level 2 in Fighting
   503 | D:1      | Reached XP level 2. HP: 24/24 MP: 7/7
  1268 | D:2      | Reached XP level 3. HP: 17/30 MP: 8/8
  1274 | D:2      | Reached skill level 3 in Fighting
  1491 | D:2      | Slain by a gnoll

Illustrated notes

Levels and vault maps discovered:
D:1:      dpeg_arrival_tiny_a, layout_basic, serial_forest,
          infiniplex_forest_lined_room_, infiniplex_forest_clump_tiny,
          infiniplex_forest_join, infiniplex_forest_lined_room_2,
          infiniplex_forest_clump_double, infiniplex_forest_end_double,
          infiniplex_forest_clump_cross, chequers_mini_garden
D:2:      layout_loops_corners, old_standard_altar, minmay_hedge_maze,
          uniq_natasha, uniq_jessica, uniq_terence

Skill      XL: |  1  2  3 |
---------------+----------+-----
Fighting       | 2 3 |  3.2
Dodging        | |  1.7
Unarmed Combat | |  2.7
Spellcasting   | |  1.7
Transmutations | |  1.7

Action                   || total
-------------------------++-------
Melee: Whip              ||    52
       Unarmed           ||     4
  Eat: Chunk             ||     1
Armor: Robe              ||    10
Dodge: Dodged            ||    37
